 Dungeon Crawl Stone Soup version 0.30-a0-168-g0b976cbdc4 (webtiles) character file.

Game seed: 7899513483881228863

133 raistware the Conjurer (level 5, 0/31 HPs)
             Began as an Octopode Conjurer on Sept 29, 2022.
             Killed by miscasting Iskenderun's Mystic Blast (10 damage)
             ... on level 2 of the Dungeon.
             The game lasted 00:03:12 (2379 turns).

raistware the Conjurer (Octopode Conjurer)          Turns: 2379, Time: 00:03:12

Health: 0/31       AC:  1    Str:  6    XL:     5   Next: 16%
Magic:  7/11       EV: 13    Int: 23    God:
Gold:   71         SH:  0    Dex: 10    Spells: 7/12 levels left

rFire   . . .      SeeInvis .    i - +3 whip
rCold   . . .      Faith    .    (no shield)
rNeg    + . .      Spirit   .    (helmet restricted)
rPois   .          Reflect  .    (no amulet)
rElec   .          Harm     .    c - ring of positive energy
rCorr   .          Rampage  .    h - ring of willpower
Will    +....                    (no ring)
Stlth   +++.......               (no ring)
HPRegen 0.10/turn                (no ring)
MPRegen 0.12/turn                (no ring)
                                 (no ring)
                                 (no ring)

@: very slightly contaminated
A: almost no armour, amphibious, 8 rings, camouflage 1, gelatinous body 1,
(nimble swimmer 1), tentacles
a: no special abilities


You were on level 2 of the Dungeon.
You visited 1 branch of the dungeon, and saw 2 of its levels.

You collected 71 gold pieces.

Inventory:

Hand Weapons
 i - a +3 whip (weapon)
Armour
 l - a +0 buckler
Jewellery
 c - a ring of positive energy (left tentacle)
 d - a ring of ice
 h - a ring of willpower (right tentacle)
Scrolls
 e - a scroll of magic mapping {unknown}
 f - a scroll of teleportation {unknown}
 g - a scroll of identify {unknown}
 j - a scroll of butterflies {unknown}
Potions
 b - a potion of curing {unknown}
 k - 2 potions of degeneration {unknown}
 m - a potion of resistance {unknown}
 n - a potion of invisibility {unknown}


   Skills:
 - Level 2.0 Dodging
 - Level 2.6 Stealth
 - Level 4.0 Spellcasting
 + Level 4.6 Conjurations
 + Level 1.3 Translocations


You had 7 spell levels left.
You knew the following spells:

 Your Spells              Type           Power      Damage    Failure   Level
a - Magic Dart            Conj           100%       1d8       1%          1
b - Iskenderun's Mystic   Conj/Tloc      18%        2d6       30%         4

Your spell library contained the following spells:

 Spells                   Type           Power      Damage    Failure   Level
 Searing Ray              Conj           52%        2d6       2%          2
 Freeze                   Ice            16%        1d4       11%         1
 Dazzling Flash           Conj/Hex       30%        N/A       12%         3
 Hailstorm                Conj/Ice       15%        3d5       12%         3
 Frozen Ramparts          Ice            8%         1d2       30%         3
 Fulminant Prism          Conj/Hex       7%         3d7       36%         4


Dungeon Overview and Level Annotations

Branches:
Dungeon (2/15)

Altars:

Annotations:
D:2 Robin


Innate Abilities, Weirdness & Mutations

You cannot wear most types of armour.
You are amphibious.
You can wear up to eight rings at the same time.
Your skin changes colour to match your surroundings (Stealth+).
Your rubbery body absorbs attacks. (AC +1, EV +1)
((You are camouflaged when in or above water. (Stealth+)))
You have tentacles for arms and can constrict up to eight enemies at once.


Message History

You constrict the goblin.
You kill the goblin!
The hobgoblin hits you.
You barely miss the hobgoblin. Your grab misses the hobgoblin.
Your squeeze misses the hobgoblin.
Robin roars a battlecry!
The goblins go into a battle-frenzy!
The hobgoblin hits you.
The magic dart hits the hobgoblin.
The hobgoblin is moderately wounded.
The hobgoblin hits you but does no damage.
The magic dart hits the hobgoblin.
You kill the hobgoblin!
Robin hits you from afar with a +0 trident.
You are too injured to fight recklessly!
Unknown command.
Found a club.
Robin barely misses you.
Items here: )))).
Okay, then.
Casting: Magic Dart (safe; 1% risk of failure)
Confirm with . or Enter, or press ? or * to list all spells.
The spell is extremely dangerous to miscast (30% risk of failure)!
Continue anyway?
You erupt in a blast of force!
The mystic blast hits the goblin.
You kill the goblin!
The mystic blast hits Robin.
Robin is moderately wounded.
Robin misses you.
Unknown command.
Unknown command.
Casting: Iskenderun's Mystic Blast (extremely dangerous; 30% risk of failure)
Confirm with . or Enter, or press ? or * to list all spells.
Okay, then.
Magic courses through your body. Robin hits you with a +0 trident.
Casting: Iskenderun's Mystic Blast (extremely dangerous; 30% risk of failure)
Confirm with . or Enter, or press ? or * to list all spells.
The spell is extremely dangerous to miscast (30% risk of failure)!
Continue anyway?
You miscast Iskenderun's Mystic Blast.
You are very lightly contaminated with residual magic.
You are blasted with magical energy!
You die...

.#.#
.#.######
.#......#
.######.# .#
#.# .# #[# .#
#.# .# #.#
########.#.##
.# #.#
#..).@g)...)#
.# #.#
#.######.))..
.# #.# #.#
).. .# #.#
#.# . .# #.#
#.# ## #.#
#.# .######.#
#.#######
........#
#.......#
#########
#######.#


You could see Robin.

Vanquished Creatures
  Natasha (thrice) (D:2)
  An adder (D:2)
  4 dart slugs
  4 ball pythons
  4 giant cockroaches
  5 hobgoblins
  5 kobolds (D:1)
  2 quokkas
  4 bats
  A frilled lizard (D:1)
  8 goblins (D:2)
  2 rats (D:1)
43 creatures vanquished.

Notes
Turn   | Place    | Note
-------+----------+-------------------------------------------
     0 | D:1      | raistware the Octopode Conjurer began the quest for the
                  | Orb.
     0 | D:1      | Reached XP level 1. HP: 11/11 MP: 3/3
   507 | D:1      | Reached XP level 2. HP: 9/17 MP: 0/5
  1137 | D:1      | Found a faded altar of an unknown god.
  1229 | D:1      | Reached XP level 3. HP: 21/21 MP: 5/7
  1518 | D:2      | Noticed Natasha
  1530 | D:2      | Killed Natasha
  1718 | D:2      | Reached XP level 4. HP: 27/27 MP: 6/9
  1720 | D:2      | Noticed Natasha
  1725 | D:2      | Killed Natasha
  1881 | D:2      | Learned a level 4 spell: Iskenderun's Mystic Blast
  2101 | D:2      | Noticed Natasha
  2110 | D:2      | Killed Natasha
  2111 | D:2      | Reached skill level 1 in Translocations
  2111 | D:2      | Reached XP level 5. HP: 10/31 MP: 7/11
  2365 | D:2      | Noticed Robin
  2379 | D:2      | Killed by miscasting Iskenderun's Mystic Blast

Illustrated notes

Levels and vault maps discovered:
D:1:      tarquinn_simple_flora_water_d, layout_basic,
          shapermc_ecumenical_altar_mp_urbaneastern
D:2:      layout_loops_ring, nrook_uturn, uniq_natasha, uniq_robin, uniq_sigmund

Skill      XL: |  1  2  3  4 |
---------------+-------------+-----
Spellcasting   | 3 4 |  4.0
Translocations | 1 |  1.3
Dodging        | |  2.0
Stealth        | |  2.6
Conjurations   | |  4.6

Action                   |  1- 3 |  4- 6 || total
-------------------------+-------+-------++-------
Melee: Unarmed           |    10 |       ||    10
       Constrict         |     3 |     5 ||     8
       Tentacles         |     2 |     3 ||     5
       Whip              |     7 |    15 ||    22
 Cast: Magic Dart        |    44 |    31 ||    75
       Iskenderun's Myst |       |     1 ||     1
  Use: Potion            |       |     1 ||     1
 Stab: Sleeping          |     1 |     1 ||     2
Armor: Skin              |     1 |     3 ||     4
Dodge: Dodged            |    15 |    13 ||    28

Table legend: (Time is in decaauts)
 A = Elapsed time spent in this place.
 B = Non-inter-level travel time spent in this place.
 C = Inter-level travel time spent in this place.
 D = Time resting spent in this place.
 E = Time spent auto-exploring this place.
 F = Levels seen in this place.
 G = Mean time per level.
                   A        B        C        D        E       F      G
               +--------+--------+--------+--------+--------+-----+--------+
         Total |   2379 |   2358 |     21 |     34 |   2109 |   2 | 1189.5 |
       Dungeon |   2379 |   2358 |     21 |     34 |   2109 |   2 | 1189.5 |
               +--------+--------+--------+--------+--------+-----+--------+

Top non-repeatable levels by time:
     D:1: 1505 daAuts
     D:2: 873 daAuts
